[ PARTIDA AOE2 · #473325865 ]
UnrankedGodos vs Teutons
[ ANÁLISIS DE REPETICIÓN · EXTRAÍDO DE LA PARTIDA GRABADA ]
Feudal
13:06
Castillos
17:14
Imperial
31:51
| APM promedio | 26.3 |
| APM pico | 52 |
| eAPM promedio | 19.6 |
| Aldeanos / militares | 160 / 88 |
Foco
⚔️ 27.1% · 🌾 72.9%
Huskarl ×44 · Militia ×37 · Bombard Cannon ×3 · Trebuchet (Packed) ×3 · Monk ×1
Feudal
9:17
Castillos
21:15
Imperial
34:13
| APM promedio | 36.8 |
| APM pico | 70 |
| eAPM promedio | 21.5 |
| Aldeanos / militares | 166 / 75 |
Foco
⚔️ 19.6% · 🌾 80.4%
Battle Elephant ×53 · Archer ×11 · Trebuchet (Packed) ×9 · Mangonel ×1 · Spearman ×1
Feudal
14:28
Castillos
21:58
Imperial
37:17
| APM promedio | 14.2 |
| APM pico | 30 |
| eAPM promedio | 10.8 |
| Aldeanos / militares | 80 / 28 |
Foco
⚔️ 24.1% · 🌾 75.9%
Scorpion ×14 · Teutonic Knight ×7 · Mangonel ×3 · Spearman ×3 · Monk ×1
Feudal
11:43
Castillos
18:12
Imperial
33:44
| APM promedio | 34.9 |
| APM pico | 83 |
| eAPM promedio | 21.9 |
| Aldeanos / militares | 151 / 14 |
Foco
⚔️ 20.9% · 🌾 79.1%
Unknown (2586) ×44 · Spearman ×6 · Mangonel ×3 · Trebuchet (Packed) ×3 · Scorpion ×2
Mapa de la partida
Recursos iniciales + cada clic de construcción. Líneas = muros · curvas = relieve. ◆ oro · ⬟ piedra · ● bayas · ✦ reliquia · ◌ hueco del cierre
Tu base
Base de Boubou
Base de Ronald Trumb
Base de Mvcke
Terreno inicial suavizado · ◌ = hueco del cierre detectado · pasá el cursor para detalles
Inputs por minuto
— Naramwig - - Boubou
Build order — Naramwig
Primeras 150 de 421 acciones detectadas
| 0:01 | Crear | Villager (Male) |
| 0:01 | Crear | Villager (Male) |
| 0:01 | Crear | Villager (Male) |
| 0:01 | Crear | Villager (Male) |
| 0:02 | Construir | House |
| 0:04 | Construir | House |
| 0:12 | Investigar | Loom |
| 0:15 | Crear | Villager (Male) |
| 0:15 | Crear | Villager (Male) |
| 0:27 | Crear | Villager (Male) |
| 0:28 | Crear | Villager (Male) |
| 1:29 | Crear | Villager (Male) |
| 1:29 | Crear | Villager (Male) |
| 2:13 | Crear | Villager (Male) |
| 2:35 | Crear | Villager (Male) |
| 2:35 | Crear | Villager (Male) |
| 3:02 | Crear | Villager (Male) |
| 3:02 | Crear | Villager (Male) |
| 3:18 | Crear | Villager (Male) |
| 3:29 | Construir | House |
| 4:00 | Crear | Villager (Male) |
| 4:00 | Crear | Villager (Male) |
| 4:20 | Crear | Villager (Male) |
| 4:20 | Crear | Villager (Male) |
| 4:43 | Construir | Palisade Wall |
| 4:45 | Construir | Palisade Wall |
| 4:50 | Crear | Villager (Male) |
| 5:18 | Crear | Villager (Male) |
| 5:18 | Crear | Villager (Male) |
| 5:51 | Crear | Villager (Male) |
| 5:51 | Crear | Villager (Male) |
| 6:13 | Construir | House |
| 6:31 | Construir | Building 800 |
| 6:34 | Construir | House |
| 6:38 | Construir | Palisade Wall |
| 6:39 | Crear | Villager (Male) |
| 7:01 | Crear | Villager (Male) |
| 7:01 | Crear | Villager (Male) |
| 7:04 | Construir | Lumber Camp |
| 7:14 | Construir | House |
| 8:01 | Crear | Villager (Male) |
| 8:01 | Crear | Villager (Male) |
| 8:01 | Crear | Villager (Male) |
| 8:07 | Crear | Villager (Male) |
| 8:23 | Construir | House |
| 8:36 | Crear | Villager (Male) |
| 9:18 | Construir | Mill |
| 9:39 | Crear | Villager (Male) |
| 10:13 | Construir | Mill |
| 10:16 | Crear | Villager (Male) |
| 10:51 | Investigar | Feudal Age |
| 11:01 | Construir | Mining Camp |
| 11:51 | Crear | Villager (Male) |
| 11:51 | Crear | Villager (Male) |
| 12:41 | Construir | Palisade Wall |
| 13:06 | Edad | Edad Feudal |
| 13:14 | Construir | Market |
| 13:16 | Construir | Blacksmith |
| 13:59 | Crear | Villager (Male) |
| 14:34 | Investigar | Castle Age |
| 14:41 | Construir | Building 804 |
| 15:16 | Investigar | Double-Bit Axe |
| 15:27 | Construir | House |
| 15:29 | Construir | House |
| 15:57 | Investigar | Horse Collar |
| 16:02 | Construir | Farm |
| 16:04 | Crear | Villager (Male) |
| 16:42 | Construir | House |
| 16:53 | Construir | House |
| 16:54 | Construir | House |
| 17:14 | Edad | Edad de los Castillos |
| 17:18 | Construir | Town Center |
| 17:29 | Construir | Town Center |
| 17:38 | Crear | Villager (Male) |
| 17:53 | Investigar | Bow Saw |
| 17:56 | Crear | Villager (Male) |
| 18:10 | Construir | Farm |
| 18:12 | Crear | Villager (Male) |
| 18:30 | Crear | Villager (Male) |
| 18:33 | Construir | Farm |
| 18:35 | Construir | Farm |
| 18:56 | Crear | Villager (Male) |
| 18:56 | Crear | Villager (Male) |
| 19:08 | Crear | Villager (Male) |
| 19:08 | Crear | Villager (Male) |
| 19:13 | Construir | Farm |
| 19:14 | Construir | Farm |
| 19:15 | Construir | Farm |
| 19:17 | Crear | Villager (Male) |
| 19:17 | Crear | Villager (Male) |
| 19:33 | Construir | Outpost |
| 19:40 | Construir | Farm |
| 19:43 | Construir | Farm |
| 19:47 | Construir | Farm |
| 19:56 | Crear | Villager (Male) |
| 20:03 | Construir | Outpost |
| 20:14 | Construir | Farm |
| 20:17 | Construir | Farm |
| 20:21 | Crear | Villager (Male) |
| 20:21 | Crear | Villager (Male) |
| 20:31 | Crear | Villager (Male) |
| 20:31 | Crear | Villager (Male) |
| 20:33 | Construir | Farm |
| 20:36 | Crear | Villager (Male) |
| 20:39 | Construir | Farm |
| 20:48 | Crear | Villager (Male) |
| 20:52 | Construir | Farm |
| 20:55 | Crear | Villager (Male) |
| 20:55 | Crear | Villager (Male) |
| 20:55 | Crear | Villager (Male) |
| 20:56 | Crear | Villager (Male) |
| 21:03 | Crear | Villager (Male) |
| 21:13 | Investigar | Wheelbarrow |
| 21:20 | Construir | Outpost |
| 21:24 | Investigar | Town Watch |
| 21:31 | Crear | Villager (Male) |
| 21:36 | Crear | Villager (Male) |
| 21:42 | Construir | Farm |
| 21:43 | Construir | Farm |
| 21:44 | Crear | Villager (Male) |
| 21:45 | Construir | Farm |
| 21:51 | Construir | Farm |
| 21:52 | Crear | Villager (Male) |
| 21:53 | Crear | Villager (Male) |
| 21:57 | Crear | Villager (Male) |
| 21:58 | Crear | Villager (Male) |
| 21:59 | Crear | Villager (Male) |
| 22:07 | Construir | House |
| 22:08 | Construir | House |
| 22:10 | Construir | House |
| 22:12 | Construir | House |
| 22:13 | Crear | Villager (Male) |
| 22:13 | Crear | Villager (Male) |
| 22:22 | Construir | Farm |
| 22:36 | Investigar | Heavy Plow |
| 22:38 | Crear | Villager (Male) |
| 22:38 | Crear | Villager (Male) |
| 22:43 | Construir | Farm |
| 22:57 | Crear | Villager (Male) |
| 23:01 | Crear | Villager (Male) |
| 23:05 | Crear | Villager (Male) |
| 23:16 | Construir | Town Center |
| 23:26 | Crear | Villager (Male) |
| 23:26 | Crear | Villager (Male) |
| 23:33 | Construir | Farm |
| 23:36 | Construir | Farm |
| 23:39 | Construir | Farm |
| 23:40 | Crear | Villager (Male) |
| 23:46 | Crear | Villager (Male) |
| 23:46 | Crear | Villager (Male) |
Build order — Boubou
Primeras 150 de 407 acciones detectadas
| 0:00 | Crear | Villager (Male) |
| 0:01 | Crear | Villager (Male) |
| 0:01 | Crear | Villager (Male) |
| 0:02 | Construir | House |
| 0:05 | Construir | House |
| 0:12 | Crear | Villager (Male) |
| 0:12 | Crear | Villager (Male) |
| 1:41 | Crear | Villager (Male) |
| 1:42 | Crear | Villager (Male) |
| 1:46 | Investigar | Loom |
| 2:04 | Crear | Villager (Male) |
| 2:46 | Construir | Lumber Camp |
| 2:56 | Crear | Villager (Male) |
| 2:56 | Crear | Villager (Male) |
| 2:56 | Crear | Villager (Male) |
| 2:57 | Crear | Villager (Male) |
| 3:38 | Crear | Villager (Male) |
| 4:05 | Construir | House |
| 4:24 | Crear | Villager (Male) |
| 4:59 | Crear | Villager (Male) |
| 5:19 | Crear | Villager (Male) |
| 5:43 | Construir | House |
| 5:45 | Crear | Villager (Male) |
| 6:07 | Crear | Villager (Male) |
| 6:22 | Construir | Mill |
| 6:32 | Crear | Villager (Male) |
| 7:04 | Investigar | Feudal Age |
| 7:38 | Construir | Mining Camp |
| 8:43 | Construir | Barracks |
| 8:54 | Crear | Villager (Male) |
| 9:17 | Edad | Edad Feudal |
| 9:24 | Construir | Archery Range |
| 9:34 | Crear | Villager (Male) |
| 9:37 | Construir | House |
| 10:00 | Crear | Villager (Male) |
| 10:05 | Crear | Archer |
| 10:05 | Crear | Archer |
| 10:05 | Crear | Archer |
| 10:20 | Crear | Villager (Male) |
| 10:33 | Construir | Blacksmith |
| 10:43 | Investigar | Double-Bit Axe |
| 10:44 | Crear | Villager (Male) |
| 10:55 | Construir | House |
| 11:08 | Crear | Archer |
| 11:11 | Crear | Villager (Male) |
| 11:12 | Crear | Villager (Male) |
| 11:14 | Construir | House |
| 11:22 | Investigar | Fletching |
| 11:28 | Crear | Villager (Male) |
| 11:30 | Construir | Farm |
| 11:44 | Crear | Archer |
| 11:54 | Crear | Villager (Male) |
| 11:56 | Construir | Farm |
| 12:08 | Crear | Archer |
| 12:20 | Crear | Spearman |
| 12:24 | Construir | Farm |
| 12:25 | Construir | Farm |
| 12:29 | Crear | Villager (Male) |
| 12:47 | Crear | Villager (Male) |
| 13:04 | Crear | Archer |
| 13:24 | Construir | Farm |
| 13:24 | Crear | Villager (Male) |
| 13:30 | Construir | Farm |
| 13:32 | Construir | Farm |
| 13:34 | Investigar | Horse Collar |
| 13:41 | Construir | House |
| 13:57 | Investigar | Wheelbarrow |
| 13:57 | Investigar | Wheelbarrow |
| 14:01 | Construir | Farm |
| 14:34 | Crear | Archer |
| 14:41 | Construir | Farm |
| 14:45 | Crear | Archer |
| 14:52 | Construir | House |
| 14:53 | Construir | House |
| 14:55 | Construir | House |
| 14:56 | Construir | House |
| 14:58 | Crear | Archer |
| 15:09 | Crear | Villager (Male) |
| 15:23 | Construir | Farm |
| 15:26 | Construir | Farm |
| 15:32 | Crear | Villager (Male) |
| 15:37 | Construir | House |
| 15:53 | Crear | Villager (Male) |
| 15:56 | Construir | Farm |
| 16:04 | Crear | Archer |
| 16:19 | Crear | Villager (Male) |
| 16:23 | Construir | Farm |
| 16:25 | Construir | Farm |
| 16:28 | Construir | Farm |
| 16:40 | Construir | Outpost |
| 16:40 | Crear | Villager (Male) |
| 16:53 | Construir | Farm |
| 16:59 | Construir | Farm |
| 17:12 | Crear | Villager (Male) |
| 17:20 | Construir | Farm |
| 17:25 | Crear | Villager (Male) |
| 18:03 | Crear | Villager (Male) |
| 18:13 | Construir | Market |
| 18:26 | Construir | House |
| 18:35 | Investigar | Castle Age |
| 18:38 | Construir | Farm |
| 18:56 | Construir | Mining Camp |
| 20:47 | Crear | Villager (Male) |
| 21:15 | Edad | Edad de los Castillos |
| 21:22 | Crear | Villager (Male) |
| 21:27 | Construir | House |
| 21:36 | Construir | Town Center |
| 21:37 | Crear | Villager (Male) |
| 21:41 | Construir | Farm |
| 21:42 | Construir | Farm |
| 21:43 | Crear | Villager (Male) |
| 21:50 | Construir | Siege Workshop |
| 21:50 | Crear | Villager (Male) |
| 21:59 | Crear | Villager (Male) |
| 22:02 | Construir | Stable |
| 22:06 | Crear | Villager (Male) |
| 22:16 | Construir | House |
| 22:17 | Crear | Villager (Male) |
| 22:26 | Crear | Mangonel |
| 22:26 | Crear | Villager (Male) |
| 22:30 | Crear | Villager (Male) |
| 22:47 | Crear | Villager (Male) |
| 22:47 | Crear | Villager (Male) |
| 22:56 | Construir | Town Center |
| 22:59 | Crear | Battle Elephant |
| 22:59 | Crear | Battle Elephant |
| 23:04 | Crear | Villager (Male) |
| 23:16 | Crear | Villager (Male) |
| 23:20 | Crear | Battle Elephant |
| 23:27 | Crear | Villager (Male) |
| 23:29 | Construir | Farm |
| 23:31 | Construir | Farm |
| 23:32 | Crear | Villager (Male) |
| 23:43 | Crear | Villager (Male) |
| 23:46 | Crear | Villager (Male) |
| 24:00 | Crear | Villager (Male) |
| 24:07 | Crear | Villager (Male) |
| 24:10 | Crear | Villager (Male) |
| 24:15 | Construir | Town Center |
| 24:25 | Investigar | Heavy Plow |
| 24:30 | Investigar | Gold Mining |
| 24:34 | Investigar | Bow Saw |
| 24:48 | Construir | Farm |
| 24:49 | Construir | Farm |
| 24:56 | Crear | Villager (Male) |
| 24:59 | Crear | Villager (Male) |
| 25:01 | Crear | Villager (Male) |
| 25:04 | Construir | Farm |
| 25:04 | Construir | Farm |
| 25:05 | Construir | Farm |
Build order — Ronald Trumb
Primeras 150 de 190 acciones detectadas
| 0:02 | Crear | Villager (Male) |
| 0:02 | Investigar | Loom |
| 0:02 | Crear | Villager (Male) |
| 0:03 | Crear | Villager (Male) |
| 0:03 | Crear | Villager (Male) |
| 0:24 | Construir | House |
| 0:44 | Construir | House |
| 2:32 | Construir | Palisade Wall |
| 2:44 | Construir | Palisade Wall |
| 3:07 | Crear | Villager (Male) |
| 3:08 | Crear | Villager (Male) |
| 3:31 | Crear | Villager (Male) |
| 3:46 | Construir | Palisade Wall |
| 3:57 | Construir | Palisade Wall |
| 5:09 | Construir | Palisade Wall |
| 5:21 | Crear | Villager (Male) |
| 5:21 | Crear | Villager (Male) |
| 5:46 | Construir | Palisade Wall |
| 5:55 | Construir | Palisade Wall |
| 6:17 | Crear | Villager (Male) |
| 6:17 | Crear | Villager (Male) |
| 6:18 | Crear | Villager (Male) |
| 6:18 | Crear | Villager (Male) |
| 7:06 | Construir | Palisade Wall |
| 8:04 | Crear | Villager (Male) |
| 8:49 | Construir | Lumber Camp |
| 9:23 | Crear | Villager (Male) |
| 9:24 | Crear | Villager (Male) |
| 9:56 | Construir | House |
| 9:59 | Construir | House |
| 10:26 | Crear | Villager (Male) |
| 10:28 | Crear | Villager (Male) |
| 10:44 | Crear | Villager (Male) |
| 10:55 | Crear | Villager (Male) |
| 11:18 | Construir | Mill |
| 11:53 | Crear | Villager (Male) |
| 12:00 | Investigar | Feudal Age |
| 14:19 | Crear | Villager (Male) |
| 14:20 | Crear | Villager (Male) |
| 14:28 | Edad | Edad Feudal |
| 14:46 | Construir | Stone Wall |
| 15:14 | Construir | Mining Camp |
| 15:29 | Crear | Villager (Male) |
| 15:30 | Crear | Villager (Male) |
| 15:30 | Crear | Villager (Male) |
| 15:56 | Construir | Farm |
| 15:58 | Construir | Farm |
| 16:00 | Construir | Farm |
| 16:01 | Construir | Farm |
| 16:05 | Construir | Farm |
| 16:07 | Construir | Farm |
| 16:08 | Construir | Farm |
| 16:10 | Crear | Villager (Male) |
| 16:26 | Construir | Watch Tower |
| 16:48 | Crear | Villager (Male) |
| 16:50 | Construir | Farm |
| 16:52 | Construir | Farm |
| 16:57 | Construir | Market |
| 17:00 | Construir | Blacksmith |
| 17:29 | Crear | Villager (Male) |
| 17:30 | Crear | Villager (Male) |
| 17:51 | Construir | House |
| 18:16 | Crear | Villager (Male) |
| 18:42 | Crear | Villager (Male) |
| 18:47 | Construir | Mining Camp |
| 18:54 | Construir | Mining Camp |
| 19:18 | Investigar | Castle Age |
| 19:41 | Construir | House |
| 19:43 | Construir | House |
| 19:48 | Construir | House |
| 19:49 | Construir | House |
| 19:50 | Construir | House |
| 19:52 | Construir | House |
| 19:53 | Construir | House |
| 19:54 | Construir | House |
| 20:41 | Investigar | Double-Bit Axe |
| 20:44 | Investigar | Horse Collar |
| 21:58 | Edad | Edad de los Castillos |
| 22:05 | Construir | Siege Workshop |
| 22:16 | Crear | Villager (Male) |
| 22:16 | Crear | Villager (Male) |
| 22:17 | Crear | Villager (Male) |
| 22:17 | Crear | Villager (Male) |
| 22:47 | Crear | Mangonel |
| 23:06 | Crear | Villager (Male) |
| 23:06 | Crear | Villager (Male) |
| 23:24 | Crear | Villager (Male) |
| 23:56 | Construir | Town Center |
| 24:02 | Crear | Villager (Male) |
| 24:03 | Crear | Villager (Male) |
| 24:26 | Investigar | Bow Saw |
| 24:49 | Crear | Villager (Male) |
| 24:52 | Crear | Villager (Male) |
| 25:04 | Investigar | Heavy Plow |
| 25:14 | Crear | Villager (Male) ×5 |
| 25:27 | Investigar | Town Watch |
| 25:33 | Crear | Villager (Male) |
| 25:37 | Crear | Villager (Male) |
| 25:56 | Construir | House |
| 25:57 | Construir | House |
| 26:03 | Crear | Villager (Male) |
| 26:04 | Crear | Villager (Male) |
| 26:04 | Crear | Villager (Male) |
| 26:10 | Crear | Villager (Male) |
| 26:11 | Crear | Villager (Male) |
| 27:03 | Construir | Town Center |
| 27:09 | Investigar | Wheelbarrow |
| 27:25 | Crear | Scorpion |
| 27:35 | Crear | Scorpion |
| 27:49 | Crear | Villager (Male) |
| 27:50 | Crear | Villager (Male) |
| 28:19 | Construir | House |
| 28:20 | Construir | House |
| 28:21 | Construir | House |
| 28:41 | Construir | Town Center |
| 28:47 | Crear | Villager (Male) |
| 28:48 | Crear | Villager (Male) |
| 28:48 | Crear | Villager (Male) |
| 28:50 | Crear | Villager (Male) |
| 28:50 | Crear | Villager (Male) |
| 29:05 | Construir | Farm |
| 29:11 | Crear | Villager (Male) |
| 29:12 | Crear | Villager (Male) |
| 29:19 | Construir | House |
| 29:20 | Construir | House |
| 29:25 | Construir | House |
| 29:26 | Construir | House |
| 29:28 | Construir | House |
| 29:36 | Construir | Monastery |
| 29:42 | Construir | University |
| 29:59 | Crear | Villager (Male) |
| 29:59 | Crear | Villager (Male) |
| 29:59 | Crear | Villager (Male) |
| 30:00 | Construir | Farm |
| 30:21 | Construir | Building 665 |
| 30:27 | Construir | Farm |
| 30:33 | Crear | Monk |
| 30:39 | Crear | Villager (Male) |
| 30:40 | Crear | Villager (Male) |
| 30:40 | Crear | Villager (Male) |
| 30:41 | Crear | Villager (Male) |
| 30:47 | Construir | Mining Camp |
| 31:05 | Construir | Barracks |
| 31:32 | Construir | Farm |
| 31:34 | Crear | Villager (Male) |
| 31:35 | Crear | Villager (Male) |
| 32:35 | Crear | Scorpion |
| 32:35 | Crear | Scorpion |
| 32:45 | Construir | Stable |
| 32:47 | Crear | Scorpion |
Build order — Mvcke
Primeras 150 de 335 acciones detectadas
| 0:01 | Crear | Villager (Male) |
| 0:01 | Crear | Villager (Male) |
| 0:02 | Crear | Villager (Male) |
| 0:05 | Construir | House |
| 0:09 | Investigar | Loom |
| 0:09 | Investigar | Loom |
| 0:20 | Crear | Villager (Male) |
| 0:20 | Crear | Villager (Male) |
| 0:20 | Crear | Villager (Male) |
| 1:14 | Construir | Palisade Wall |
| 1:28 | Construir | Palisade Wall |
| 1:29 | Construir | Palisade Wall |
| 1:41 | Construir | Palisade Wall |
| 1:55 | Construir | Palisade Wall |
| 1:57 | Crear | Villager (Male) |
| 2:14 | Construir | Palisade Wall |
| 2:21 | Construir | House |
| 2:36 | Crear | Villager (Male) |
| 2:36 | Crear | Villager (Male) |
| 2:49 | Construir | Settlement |
| 2:57 | Crear | Villager (Male) |
| 3:28 | Crear | Villager (Male) |
| 3:28 | Crear | Villager (Male) |
| 3:50 | Crear | Villager (Male) |
| 4:22 | Crear | Villager (Male) |
| 4:23 | Crear | Villager (Male) |
| 4:51 | Crear | Villager (Male) |
| 5:08 | Crear | Villager (Male) |
| 5:30 | Crear | Villager (Male) |
| 5:30 | Crear | Villager (Male) |
| 5:55 | Crear | Villager (Male) |
| 5:59 | Construir | House |
| 6:49 | Crear | Villager (Male) |
| 6:49 | Crear | Villager (Male) |
| 6:57 | Crear | Villager (Male) |
| 7:46 | Construir | Palisade Wall |
| 8:11 | Crear | Villager (Male) |
| 8:30 | Construir | House |
| 8:37 | Crear | Villager (Male) |
| 9:02 | Crear | Villager (Male) |
| 9:08 | Construir | Settlement |
| 9:21 | Construir | Palisade Wall |
| 9:30 | Construir | Palisade Wall |
| 9:33 | Investigar | Feudal Age |
| 9:33 | Investigar | Feudal Age |
| 9:50 | Construir | Palisade Wall |
| 9:52 | Construir | Palisade Wall |
| 9:58 | Construir | Palisade Wall |
| 10:45 | Construir | House |
| 11:43 | Edad | Edad Feudal |
| 11:44 | Crear | Villager (Male) |
| 11:46 | Construir | Market |
| 11:48 | Construir | Blacksmith |
| 11:54 | Crear | Villager (Male) |
| 12:07 | Construir | Stone Wall |
| 12:21 | Construir | Watch Tower |
| 12:27 | Construir | Stone Wall |
| 12:40 | Crear | Villager (Male) |
| 13:09 | Crear | Villager (Male) |
| 13:26 | Construir | Stone Wall |
| 13:35 | Crear | Villager (Male) |
| 14:15 | Crear | Villager (Male) |
| 14:21 | Construir | Settlement |
| 14:45 | Crear | Villager (Male) |
| 15:32 | Investigar | Castle Age |
| 15:32 | Investigar | Castle Age |
| 17:22 | Investigar | Double-Bit Axe |
| 18:11 | Crear | Villager (Male) |
| 18:12 | Edad | Edad de los Castillos |
| 18:15 | Construir | Siege Workshop |
| 18:19 | Crear | Villager (Male) |
| 18:21 | Construir | Town Center |
| 18:45 | Crear | Villager (Male) |
| 18:52 | Crear | Scorpion |
| 19:03 | Crear | Villager (Male) |
| 19:08 | Construir | Town Center |
| 19:11 | Investigar | Horse Collar |
| 19:25 | Crear | Scorpion |
| 19:29 | Crear | Villager (Male) |
| 19:58 | Crear | Mangonel |
| 20:01 | Crear | Villager (Male) |
| 20:06 | Crear | Villager (Male) |
| 20:06 | Crear | Villager (Male) |
| 20:09 | Construir | Farm |
| 20:12 | Crear | Villager (Male) |
| 20:18 | Crear | Villager (Male) |
| 20:18 | Crear | Villager (Male) |
| 20:19 | Crear | Villager (Male) |
| 20:19 | Crear | Villager (Male) |
| 20:24 | Construir | Farm |
| 20:28 | Crear | Villager (Male) |
| 20:44 | Construir | Farm |
| 20:46 | Construir | Farm |
| 21:02 | Crear | Villager (Male) |
| 21:02 | Crear | Villager (Male) ×2 |
| 21:59 | Crear | Villager (Male) |
| 21:59 | Crear | Villager (Male) |
| 21:59 | Crear | Villager (Male) |
| 22:07 | Construir | Farm |
| 22:08 | Construir | Farm |
| 22:09 | Construir | Farm |
| 22:10 | Construir | Farm |
| 22:10 | Construir | Farm |
| 22:12 | Construir | Farm |
| 22:23 | Construir | Stone Wall |
| 22:57 | Crear | Villager (Male) |
| 22:57 | Crear | Villager (Male) |
| 22:57 | Crear | Villager (Male) |
| 22:58 | Crear | Villager (Male) |
| 22:58 | Crear | Villager (Male) |
| 23:02 | Construir | Town Center |
| 23:15 | Construir | Stone Wall |
| 23:16 | Construir | Stone Wall |
| 23:31 | Construir | House |
| 23:32 | Construir | House |
| 23:32 | Construir | House |
| 24:11 | Construir | Stone Wall |
| 24:19 | Crear | Villager (Male) |
| 24:19 | Crear | Villager (Male) |
| 24:20 | Crear | Villager (Male) |
| 24:20 | Crear | Villager (Male) |
| 24:20 | Crear | Villager (Male) |
| 24:22 | Construir | Farm |
| 24:23 | Construir | Farm |
| 24:24 | Construir | Farm |
| 24:25 | Construir | Farm |
| 24:26 | Construir | Farm |
| 24:27 | Construir | Farm |
| 24:27 | Construir | Farm |
| 24:28 | Construir | Farm |
| 24:30 | Crear | Mangonel |
| 24:44 | Construir | Stone Wall |
| 24:45 | Crear | Villager (Male) |
| 24:46 | Crear | Villager (Male) |
| 24:46 | Crear | Villager (Male) |
| 24:46 | Crear | Villager (Male) |
| 24:47 | Crear | Villager (Male) |
| 25:06 | Crear | Villager (Male) |
| 25:06 | Crear | Villager (Male) |
| 25:07 | Crear | Villager (Male) |
| 25:09 | Construir | Farm |
| 25:09 | Construir | Farm |
| 25:11 | Construir | Farm |
| 25:12 | Construir | Farm |
| 25:23 | Crear | Villager (Male) |
| 25:30 | Crear | Villager (Male) |
| 25:40 | Investigar | Bow Saw |
| 25:40 | Investigar | Bow Saw |
| 25:42 | Crear | Villager (Male) ×2 |
| 25:50 | Construir | House |
Cronología de la partida
| 1:14 | Mvcke · wall_segment Palisade Wall x7 |
| 1:28 | Mvcke · wall_segment Palisade Wall x5 |
| 1:29 | Mvcke · wall_segment Palisade Wall x2 |
| 1:41 | Mvcke · wall_segment Palisade Wall x1 |
| 1:55 | Mvcke · wall_segment Palisade Wall x2 |
| 2:14 | Mvcke · wall_segment Palisade Wall x1 |
| 2:32 | Ronald Trumb · wall_segment Palisade Wall x2 |
| 2:44 | Ronald Trumb · wall_segment Palisade Wall x5 |
| 3:46 | Ronald Trumb · wall_segment Palisade Wall x1 |
| 3:57 | Ronald Trumb · wall_segment Palisade Wall x1 |
| 4:43 | Naramwig · wall_segment Palisade Wall x1 |
| 4:45 | Naramwig · wall_segment Palisade Wall x1 |
| 5:09 | Ronald Trumb · wall_segment Palisade Wall x7 |
| 5:46 | Ronald Trumb · wall_segment Palisade Wall x1 |
| 5:55 | Ronald Trumb · wall_segment Palisade Wall x7 |
| 6:38 | Naramwig · wall_segment Palisade Wall x1 |
| 7:06 | Ronald Trumb · wall_segment Palisade Wall x8 |
| 7:46 | Mvcke · wall_segment Palisade Wall x8 |
| 8:43 | Boubou · first_building Barracks |
| 9:17 | Boubou · age_up feudal |
| 9:21 | Mvcke · wall_segment Palisade Wall x7 |
| 9:24 | Boubou · first_building Archery Range |
| 9:30 | Mvcke · wall_segment Palisade Wall x2 |
| 9:50 | Mvcke · wall_segment Palisade Wall x3 |
| 9:52 | Mvcke · wall_segment Palisade Wall x5 |
| 9:58 | Mvcke · wall_segment Palisade Wall x2 |
| 11:43 | Mvcke · age_up feudal |
| 12:07 | Mvcke · wall_segment Stone Wall x7 |
| 12:27 | Mvcke · wall_segment Stone Wall x3 |
| 12:41 | Naramwig · wall_segment Palisade Wall x8 |
| 13:06 | Naramwig · age_up feudal |
| 13:26 | Mvcke · wall_segment Stone Wall x3 |
| 14:28 | Ronald Trumb · age_up feudal |
| 14:29 | Naramwig · first_market_buy 100 food |
| 14:33 | Naramwig · first_market_sell 100 wood |
| 14:38 | Mvcke · first_market_sell 100 stone |
| 14:41 | Mvcke · first_market_buy 100 food |
| 14:46 | Ronald Trumb · wall_segment Stone Wall x7 |
| 17:14 | Naramwig · age_up castle |
| 18:12 | Mvcke · age_up castle |
| 18:15 | Mvcke · first_building Siege Workshop |
| 20:23 | Boubou · first_market_buy 100 wood |
| 21:15 | Boubou · age_up castle |
| 21:50 | Boubou · first_building Siege Workshop |
| 21:58 | Ronald Trumb · age_up castle |
| 22:02 | Boubou · first_building Stable |
| 22:05 | Ronald Trumb · first_building Siege Workshop |
| 22:23 | Mvcke · wall_segment Stone Wall x1 |
| 23:15 | Mvcke · wall_segment Stone Wall x1 |
| 23:16 | Mvcke · wall_segment Stone Wall x1 |
| 24:11 | Mvcke · wall_segment Stone Wall x10 |
| 24:44 | Mvcke · wall_segment Stone Wall x4 |
| 26:23 | Boubou · first_market_sell 100 stone |
| 26:48 | Mvcke · wall_segment Stone Wall x6 |
| 26:55 | Mvcke · wall_segment Stone Wall x3 |
| 27:44 | Naramwig · first_building Castle |
| 27:55 | Naramwig · first_building Monastery |
| 27:59 | Naramwig · first_building Siege Workshop |
| 28:38 | Mvcke · wall_segment Stone Wall x8 |
| 28:48 | Naramwig · first_building Barracks |
| 29:19 | Mvcke · first_building Monastery |
| 29:33 | Mvcke · first_building Castle |
| 29:36 | Ronald Trumb · first_building Monastery |
| 30:18 | Boubou · first_building Castle |
| 30:37 | Boubou · first_building Monastery |
| 31:05 | Ronald Trumb · first_building Barracks |
| 31:30 | Mvcke · first_building Barracks |
| 31:51 | Naramwig · age_up imperial |
| 32:45 | Ronald Trumb · first_building Stable |
| 33:44 | Mvcke · age_up imperial |
| 33:59 | Ronald Trumb · first_market_sell 100 wood |
| 34:01 | Ronald Trumb · first_market_buy 100 food |
| 34:13 | Boubou · age_up imperial |
| 35:01 | Mvcke · wall_segment Stone Wall x13 |
| 35:07 | Ronald Trumb · wall_segment Stone Wall x7 |
| 35:44 | Ronald Trumb · first_building Castle |
| 35:59 | Ronald Trumb · wall_segment Stone Wall x1 |
| 36:51 | Naramwig · tribute_sent a jugador 1 |
| 36:51 | Naramwig · tribute_sent a jugador 2 |
| 36:51 | Naramwig · tribute_sent a jugador 4 |
| 37:17 | Ronald Trumb · age_up imperial |
| 38:32 | Mvcke · wall_segment Stone Wall x8 |
| 39:21 | Mvcke · resign |
[ ANÁLISIS IA · 1 CRÉDITO ]
¿Qué pasó realmente en esta partida?
Wolo.gg analiza cada decisión: build order, eco, micro, errores típicos por bracket. Análisis personalizado por WhatsApp o Discord en 30 segundos.
Guía civ
Godos
Perfil
Jugador #3104052